 Dungeon Crawl Stone Soup version 0.31.0-1-g2c135a008e (webtiles) character file.

Game seed: 12920816270928137245

77 qw the Shooter (level 4, 0/35 HPs)
             Began as a Djinni Hunter on Jan 23, 2024.
             Slain by an ufetubus (2 damage)
             ... on level 6 of the Dungeon.
             The game lasted 00:00:04 (1362 turns).

qw the Shooter (Djinni Hunter)                      Turns: 1362, Time: 00:00:04

Health: 0/35       AC:  2    Str:  9    XL:     4   Next: 60%
Gold:   89         EV: 10    Int: 14    God:
                   SH:  0    Dex: 18

rFire   + + .        h - +0 orcbow
rCold   x . .        (shield currently unavailable)
rNeg    . . .        m - +0 ring mail
rPois   inf          (helmet restricted)
rElec   .            (no cloak)
rCorr   .            (no gloves)
SInv    .            (boots unavailable)
Will    +....        (no amulet)
Stlth   +            e - +4 ring of slaying {mikee}
HPRegen 0.25/turn    (no ring)
MPRegen 0.00/turn

%: infuse magic (-1 HP)
@: about to teleport, flying
A: sickness immunity, fire resistance 2, cold vulnerability 1, float, innate
caster, HP casting, extra vitality 1, horns 1, clever 1, deformed body,
strong-willed 1
a: no special abilities


You were on level 6 of the Dungeon.
You visited 1 branch of the dungeon, and saw 4 of its levels.

You collected 89 gold pieces.


Innate Abilities, Weirdness & Mutations

You are immune to sickness and miasma.
You are immune to poison.
Your flesh is very heat resistant. (rF++)
You are vulnerable to cold. (rC-)
You float through the air rather than walking.
You learn spells naturally, not from books.
Your magical power is your life essence.
You have superior vitality. (+4 MHP)
You have a pair of small horns on your head.
Your mind is acute. (Int +4, Str/Dex -1)
Armour fits poorly on your strangely shaped body.
You are strong-willed. (Will+)


   Skills:
 - Level 3.1 Fighting
 + Level 4.0 Ranged Weapons
 - Level 1.2 Armour
 - Level 2.1 Dodging
 - Level 0.7 Stealth


You knew the following spells:

 Your Spells              Type           Power      Damage    Failure   Level
a - Summon Small Mammal   Summ           0%         N/A       63%         1
Your spell library was empty.

Inventory:

Hand Weapons
 h - a +0 orcbow (weapon)
Armour
 m - a +0 ring mail (worn)
Jewellery
 e - a +4 ring of slaying (left hand) {mikee}
 i - a ring of fire
Wands
 b - a wand of flame (10)
Scrolls
 g - 2 scrolls of teleportation
Potions
 d - a potion of heal wounds
 l - 3 potions of attraction {unknown}

Dungeon Overview and Level Annotations

Branches:
Dungeon (3/15)

Altars:

Annotations:
D:6 Menkaure


Message History

You feel much better. The ufetubus hits you. The ufetubus barely misses you.
You shoot an arrow. The arrow barely misses the ufetubus.
The ufetubus hits you. The ufetubus barely misses you. x2
The ufetubus hits you. x2
The ufetubus hits you but does no damage.
You shoot an arrow. The arrow closely misses the ufetubus.
Your surroundings suddenly seem different.
Menkaure, Prince of Dust comes into view.
Found 15 gold pieces.
Menkaure shouts!
You hear a shout!
An ufetubus comes into view. x2
Menkaure gestures wildly while chanting.
Menkaure seems to speed up.
An adder comes into view.
The ufetubus shouts!
1354 ||| RETREEEEATING.
Found a potion of heal wounds.
The adder hisses angrily.
1355 ||| RETREEEEATING.
Found a stone staircase leading down.
1356 ||| RETREEEEATING.
Found an emerald potion.
1357 ||| RETREEEEATING.
1358 ||| RETREEEEATING.
The adder barely misses you.
Menkaure gestures at you while chanting.
Pain shoots through your body!
1359 ||| RETREEEEATING.
You shoot an arrow. The arrow closely misses the adder.
The arrow barely misses the ufetubus.
The adder barely misses you. The adder closely misses you.
You shoot an arrow. The arrow hits the adder!
You kill the adder!
Menkaure calls on the powers of darkness!
Your body is wracked with pain!
The ufetubus completely misses you. The ufetubus hits you.
Your Armour skill increases to level 1!
1362 ||| READING 3 scrolls of teleportation.
As you read the scroll of teleportation, it crumbles to dust.
You feel strangely unstable. The ufetubus hits you. x2
You die...

##. ..# .###... ..#
... ..#....#
..###.... ..#.....!.
....#....
.....$....##....>...#
#.#.#.#............#
.................!.#.
#.#.#.......##.......
#.........55@.......
#.#........M###......
.....................
#....................
....##.......###.....
... ####....... . #.
........ ..........
.........


You could see Menkaure (fast) and 2 ufetubi.

Vanquished Creatures
  A gnoll (D:1)
  3 adders
  An ufetubus (D:6)
  2 dart slugs (D:1)
  A ribbon worm (D:2)
  An orc (D:3)
  3 endoplasms (D:1)
  A giant cockroach (D:3)
  A goblin (D:1)
  2 hobgoblins (D:2)
  3 kobolds
  3 ball pythons (D:1)
  6 bats
  A rat (D:1)
29 creatures vanquished.

Notes
Turn   | Place    | Note
-------+----------+-------------------------------------------
     0 | D:1      | qw the Djinni Hunter began the quest for the Orb.
     0 | D:1      | Reached XP level 1. HP: 18/18 MP: 0/0
     0 | D:1      | 0 ||| qw: Version: 0.3-a-136-gdd3b4e8
     0 | D:1      | 0 ||| qw: Game counter: 1153
     0 | D:1      | 0 ||| qw: Melee chars always use a shield: true
     0 | D:1      | 0 ||| qw: God list: Okawaru
     0 | D:1      | 0 ||| qw: Allow faded altars: false
     0 | D:1      | 0 ||| qw: Do Orc after clearing Dungeon:15 true
     0 | D:1      | 0 ||| qw: Do second Lair branch before Depths: true
     0 | D:1      | 0 ||| qw: Lair rune preference: random
     0 | D:1      | 0 ||| qw: Goals: Normal
     0 | D:1      | 0 ||| PLANNING D:1-11
    73 | D:1      | Reached XP level 2. HP: 23/23 MP: 0/0
   258 | D:1      | Reached XP level 3. HP: 28/28 MP: 0/0
   258 | D:1      | Learned a level 1 spell: Summon Small Mammal
   266 | D:1      | Reached skill level 4 in Ranged Weapons
   653 | D:1      | 653 ||| UPGRADING to +4 ring of slaying {mikee}.
   654 | D:1      | 654 ||| READING scroll labelled LUSTRU FIT HEV.
   654 | D:1      | 654 ||| IDENTIFYING 2 brown potions
   655 | D:1      | 655 ||| READING 3 scrolls labelled IGADAF KOMNIA.
   660 | D:1      | 660 ||| DROPPING scroll of butterflies.
   760 | D:2      | 760 ||| SWAPPING to +0 orcbow.
   761 | D:2      | 761 ||| DROPPING +0 shortbow.
  1041 | D:2      | Reached skill level 3 in Fighting
  1041 | D:2      | Reached XP level 4. HP: 35/35 MP: 0/0
  1263 | D:2      | 1263 ||| UPGRADING to +0 ring mail.
  1273 | D:2      | 1273 ||| DROPPING +0 leather armour.
  1274 | D:2      | 1274 ||| READING scroll of identify.
  1274 | D:2      | 1274 ||| IDENTIFYING viscous red potion
  1275 | D:2      | 1275 ||| DRINKING potion of mutation.
  1275 | D:2      | Gained mutation: Your mind is acute. (Int +4, Str/Dex -1)
                  | [potion of mutation]
  1275 | D:2      | Gained mutation: Armour fits poorly on your strangely
                  | shaped body. [potion of mutation]
  1275 | D:2      | Gained mutation: You have a pair of small horns on your
                  | head. [potion of mutation]
  1275 | D:2      | Gained mutation: You are strong-willed. (Will+) [potion of
                  | mutation]
  1276 | D:2      | 1276 ||| READING scroll labelled KOFU VEOFA.
  1277 | D:2      | 1277 ||| READING scroll labelled VIMEONODWO.
  1342 | D:3      | You are sucked into a shaft and drop 3 floors!
  1349 | D:6      | HP: 6/35 [ufetubus (3)]
  1350 | D:6      | 1350 ||| READING 4 scrolls of teleportation.
  1351 | D:6      | 1351 ||| DRINKING 2 potions of heal wounds.
  1353 | D:6      | Noticed Menkaure
  1354 | D:6      | 1354 ||| RETREEEEATING.
  1355 | D:6      | 1355 ||| RETREEEEATING.
  1356 | D:6      | 1356 ||| RETREEEEATING.
  1357 | D:6      | 1357 ||| RETREEEEATING.
  1358 | D:6      | 1358 ||| RETREEEEATING.
  1359 | D:6      | 1359 ||| RETREEEEATING.
  1361 | D:6      | HP: 8/35 [??? (6)]
  1362 | D:6      | Reached skill level 1 in Armour
  1362 | D:6      | 1362 ||| READING 3 scrolls of teleportation.
  1362 | D:6      | HP: 2/35 [ufetubus (2)]
  1362 | D:6      | Slain by an ufetubus

Levels and vault maps discovered:
D:1:      dpeg_arrival_more_subterranean_lakeside_camping, layout_loops_cross,
          chequers_serial_rivers_small_b
D:2:      layout_loops_ring
D:3:      layout_basic, elyvilon_altar_4, shapermc_ecumenical_altar_notcrosses
D:6:      layout_cave_pools, hangedman_decor_riveting,
          chequers_serial_rivers_small_a, uniq_menkaure

Skill      XL: |  1  2  3  4 |
---------------+-------------+-----
Ranged Weapons | 4 |  4.0
Fighting       | 3 |  3.1
Armour         | 1 |  1.2
Dodging        | |  2.1
Stealth        | |  0.7

Action                     |  1- 3 |  4- 6 || total
---------------------------+-------+-------++-------
   Fire: Shortbow          |    46 |       ||    46
         Orcbow            |    12 |    19 ||    31
    Use: Scroll            |     2 |     5 ||     7
         Potion            |       |     2 ||     2
 Armour: Leather armour    |     8 |       ||     8
         Ring mail         |       |    35 ||    35
  Dodge: Dodged            |     9 |    24 ||    33

Table legend:
 A = Non-vault XP
 B = Vault XP
 C = Vault XP percentage of total XP
 D = Non-vault monster count
 E = Vault monster count
 F = Vault count percentage of total count
                 A         B        C        D         E       F
            +---------+---------+-------+---------+---------+-------
      Total |     111 |       0 |   0.0 |      29 |       0 |   0.0
            +---------+---------+-------+---------+---------+-------
        D:1 |      45 |       0 |   0.0 |      17 |       0 |   0.0
        D:2 |      37 |       0 |   0.0 |       6 |       0 |   0.0
        D:3 |       8 |       0 |   0.0 |       4 |       0 |   0.0
        D:6 |      21 |       0 |   0.0 |       2 |       0 |   0.0
            +---------+---------+-------+---------+---------+-------
